 Dungeon Crawl Stone Soup version 0.32-a0-673-g3729bd50f8 (webtiles) character file.

Game seed: 17545955684712506552

25 Esekla the Grave Robber (level 2, -2/22 HPs)
             Began as a Mountain Dwarf Necromancer on Mar 10, 2024.
             Slain by a hobgoblin (4 damage)
             ... on level 1 of the Dungeon.
             The game lasted 00:06:00 (694 turns).

Esekla the Grave Robber (Mountain Dwarf Necromancer) Turns: 694, Time: 00:06:01

Health: -2/22      AC:  2    Str: 10    XL:     2   Next: 86%
Magic:  4/4        EV: 11    Int: 15    God:
Gold:   11         SH:  0    Dex: 10    Spells: 3/4 levels left

rFire   . . .        g - +0 dagger
rCold   . . .        (no shield)
rNeg    . . .        a - +0 robe
rPois   .            (no helmet)
rElec   .            (no cloak)
rCorr   .            (no gloves)
SInv    .            (no boots)
Will    .....        (no amulet)
Stlth   ++           (no ring)
HPRegen 0.23/turn    (no ring)
MPRegen 0.09/turn

%: no passive effects
@: no status effects
A: runic magic, artefact enchanting
a: no special abilities


You were on level 1 of the Dungeon.
You visited 1 branch of the dungeon, and saw 2 of its levels.

You collected 11 gold pieces.

Inventory:

Hand Weapons
 g - a +0 dagger (weapon)
Armour
 a - a +0 robe (worn)
Scrolls
 f - a scroll of identify {unknown}
Potions
 b - a potion of magic
 c - 2 potions of curing {unknown}
 d - a potion of mutation {unknown}
 e - a potion of enlightenment {unknown}


   Skills:
 * Level 0.8 Fighting
 * Level 0.6 Armour
 + Level 1.5 Dodging
 - Level 1.4 Stealth
 * Level 1.9 Spellcasting
 * Level 4.9 Necromancy


You had 3 spell levels left.
You knew the following spells:

 Your Spells              Type           Power      Damage    Failure   Level
a - Necrotise             Necr           64%        1d7       3%          1

Your spell library contained the following spells:

 Spells                   Type           Power      Damage    Failure   Level
 Vampiric Draining        Necr           16%        2d7       9%          3
 Animate Dead             Necr           16%        N/A       28%         4
 Curse of Agony           Necr           16%        N/A       63%         5


Dungeon Overview and Level Annotations

Branches:
Dungeon (2/15)

Altars:

Shops:
D:1 ([((


Innate Abilities, Weirdness & Mutations

Your spellcasting is much less encumbered by armour.
You can use scrolls of enchantment on lesser artefacts.


Message History

You hit the endoplasm.
You kill the endoplasm!
You hit the endoplasm.
The endoplasm is severely wounded.
The endoplasm barely misses you.
You hit the endoplasm but do no damage.
The endoplasm is severely wounded.
The endoplasm freezes you.
You are frozen.
You hit the endoplasm.
You kill the endoplasm!
You start resting.
A hobgoblin is nearby!
The hobgoblin closely misses you.
A rat comes into view.
The rat squeaks loudly.
You hit the hobgoblin.
The hobgoblin is lightly wounded.
The hobgoblin closely misses you.
You hit the hobgoblin but do no damage.
The hobgoblin is lightly wounded.
The hobgoblin closely misses you.
You hit the hobgoblin.
The hobgoblin is moderately wounded.
The hobgoblin hits you.
You barely miss the hobgoblin.
The hobgoblin is moderately wounded.
The hobgoblin hits you.
The hobgoblin attacks as it pursues you!
The hobgoblin hits you.
* * * LOW HITPOINT WARNING * * *
You see here a rat corpse.
You hit the hobgoblin but do no damage.
The hobgoblin is moderately wounded.
The hobgoblin hits you.
* * * LOW HITPOINT WARNING * * *
You hit the hobgoblin but do no damage.
The hobgoblin is moderately wounded.
The hobgoblin hits you.
You die...

#.........# ###########
#.........#######..........
#.........#................
#.......>.#....∩...........
########..#........r......$
#..........g######..
#.....##........# .
......###..##########
.......# ##@####......
........ #g##...........# .
#........###r.'...........# .
#............##...........##.
.........###..#..............
......... ##.#.....###......
........# #.#.....# #......
........#####....(..# #......
....................# #......


You could see a hobgoblin and a rat.

Vanquished Creatures
  3 dart slugs (D:1)
  2 endoplasms (D:1)
  A giant cockroach (D:2)
  A goblin (D:1)
  3 hobgoblins (D:1)
  5 bats (D:1)
  3 frilled lizards (D:1)
  A rat (D:1)
19 creatures vanquished.

Notes
Turn   | Place    | Note
-------+----------+-------------------------------------------
     0 | D:1      | Esekla the Mountain Dwarf Necromancer began the quest for
                  | the Orb.
     0 | D:1      | Reached XP level 1. HP: 14/14 MP: 3/3
    52 | D:1      | Found Fukanuaz's Antique Weapon Boutique.
   165 | D:1      | Found Haywniod's Antique Weapon Shoppe.
   182 | D:1      | Found Foadoim's Antique Armour Shop.
   268 | D:1      | Reached XP level 2. HP: 12/22 MP: 4/4
   629 | D:1      | Found Karus's Weapon Shop.
   694 | D:1      | Slain by a hobgoblin

Illustrated notes

Levels and vault maps discovered:
D:1:      pf_arrival_petrified_forest, layout_basic, serial_shops, shop, shop,
          shop, shop
D:2:      minmay_door_path, layout_loops_corners,
          shapermc_ecumenical_altar_mp_urbaneastern, minmay_goblin_kobold_house

Action                     || total
---------------------------++-------
  Melee: Unarmed           ||   123
         Punch             ||     2
         Dagger            ||    18
 Armour: Robe              ||   104
  Dodge: Dodged            ||   117

Table legend: (Time is in decaauts)
 A = Elapsed time spent in this place.
 B = Non-inter-level travel time spent in this place.
 C = Inter-level travel time spent in this place.
 D = Time resting spent in this place.
 E = Time spent auto-exploring this place.
 F = Levels seen in this place.
 G = Mean time per level.
                   A        B        C        D        E       F      G
               +--------+--------+--------+--------+--------+-----+--------+
         Total |    693 |    693 |      0 |    187 |      1 |   2 |  346.5 |
       Dungeon |    693 |    693 |      0 |    187 |      1 |   2 |  346.5 |
               +--------+--------+--------+--------+--------+-----+--------+

Top non-repeatable levels by time:
     D:1: 618 daAuts
     D:2: 75 daAuts
